 Dungeon Crawl Stone Soup version 0.31-a0-1529-g7bd419a0e5 (webtiles) character file.

Game seed: 9459617295015072646

18 AlmostDecent the Chiller (level 2, 20/20 HPs)
             Began as a Gnoll Ice Elementalist on Jan 1, 2024.
             Was an Initiate of Yredelemnul.
             Quit the game on level 1 of the Dungeon.
             The game lasted 00:03:24 (787 turns).

AlmostDecent the Chiller (Gnoll Ice Elementalist)    Turns: 787, Time: 00:03:25

Health: 20/20      AC:  2    Str:  7    XL:     2   Next: 70%
Magic:  7/7        EV: 13    Int: 14    God:    Yredelemnul [......]
Gold:   44         SH:  0    Dex: 12    Spells: 9/10 levels left

rFire   . . .        c - +0 short sword
rCold   . . .        (no shield)
rNeg    . . .        a - +0 robe
rPois   .            (no helmet)
rElec   .            (no cloak)
rCorr   .            (no gloves)
SInv    .            (no boots)
Will    .....        (no amulet)
Stlth   ++           (no ring)
HPRegen 0.23/turn    (no ring)
MPRegen 0.10/turn

%: no passive effects
@: no status effects
A: fangs 1, strong nose, distributed training
a: Renounce Religion, Recall Undead Harvest


You were on level 1 of the Dungeon.
You worshipped Yredelemnul.
Yredelemnul was noncommittal.
You visited 1 branch of the dungeon, and saw 1 of its levels.

You collected 44 gold pieces.

Inventory:

Hand Weapons
 c - a +0 short sword (weapon)
Armour
 a - a +0 robe (worn)
 f - a +0 tower shield
Magical Staves
 e - a staff of conjuration
Scrolls
 g - a scroll of amnesia {unknown}
Potions
 b - a potion of magic
 d - a potion of heal wounds {unknown}


   Skills:
 + Level 0.5 Fighting
 + Level 0.5 Short Blades
 + Level 0.5 Long Blades
 + Level 0.5 Axes
 + Level 0.5 Maces & Flails
 + Level 0.5 Polearms
 + Level 0.5 Staves
 + Level 0.5 Ranged Weapons
 + Level 0.5 Throwing
 + Level 0.5 Armour
 + Level 4.5 Dodging
 + Level 4.1 Stealth
 + Level 0.5 Shields
 + Level 0.5 Unarmed Combat
 + Level 4.9 Spellcasting
 + Level 0.3 Conjurations
 + Level 0.3 Hexes
 + Level 0.3 Summonings
 + Level 0.3 Necromancy
 + Level 0.3 Translocations
 + Level 0.3 Fire Magic
 + Level 7.0 Ice Magic
 + Level 0.3 Air Magic
 + Level 0.3 Earth Magic
 + Level 0.3 Alchemy
 + Level 0.6 Invocations
 + Level 0.5 Evocations
 + Level 0.4 Shapeshifting


You had 9 spell levels left.
You knew the following spells:

 Your Spells              Type           Power      Damage    Failure   Level
a - Freeze                Ice            92%        1d9       1%          1

Your spell library contained the following spells:

 Spells                   Type           Power      Damage    Failure   Level
 Frozen Ramparts          Ice            46%        1d7       3%          3
 Ozocubu's Armour         Ice            23%        N/A       3%          3
 Summon Ice Beast         Ice/Summ       13%        N/A       12%         3


Dungeon Overview and Level Annotations

Branches:
Dungeon (1/15)

Altars:
Yredelemnul


Innate Abilities, Weirdness & Mutations

You have very sharp teeth.
Your uncanny sense of smell can sniff out nearby items.
Your experience applies equally to all skills.


Message History

You see here a +0 dagger.
Found a stone staircase leading down.
A rat comes into view.
The rat squeaks loudly.
You hit the rat.
You kill the rat!
You can't see any susceptible monsters within range! (Use Z to cast anyway.) 2 jackals come into view.
The jackal barks!
The jackal barks!
You hit the jackal but do no damage. The jackal misses you.
The jackal bites you but does no damage.
You freeze the jackal.
The jackal is moderately wounded.
The jackal barely misses you. The jackal completely misses you.
You freeze the jackal.
The jackal is heavily wounded.
The jackal bites you. The jackal closely misses you.
The jackal bites you but does no damage.
You freeze the jackal!
You kill the jackal!
The jackal barely misses you.
You freeze the jackal!
You kill the jackal!
You can't see any susceptible monsters within range! (Use Z to cast anyway.) No target in view!
You see here a jackal corpse.
You open the door.
Found a faded altar of an unknown god.
There is an open door here.
There is a faded altar of an unknown god here.
This altar belongs to (a) Yredelemnul, (b) Fedhas or (c) Vehumet, but you can't tell which.
Press the corresponding letter to learn more about a god, or press enter to convert or escape to cancel.
Okay, then.
This altar belongs to (a) Yredelemnul, (b) Fedhas or (c) Vehumet, but you can't tell which.
Press the corresponding letter to learn more about a god, or press enter to convert or escape to cancel.
Yredelemnul accepts your prayer! Yredelemnul welcomes you!
You can now reap souls.
You can now recall your undead harvest.
Unknown command.
Press < or > to pray at altars.
Are you sure you want to abandon this character and quit the game? (Confirm with "yes".)

###.# #.# #..#.##
##.......###.# #.# #.#
#..### ##.....## #.#
#.# #.# #..# ##...##
#.# ###.# #.# #..#
######'## #.# ....# #..
..#######...##.# #..
..###
#####.#...†.#...##.#
### ###
#.#...†..#...#.########
#.##Z###.#.............
#.#.ZZ@#.#.......######
#.######..#.....##
##.........#.##.##
#..#.......#.##.#
##..####.####.##.#
#...#8.#..#.#.##.#
#.#.#..'..#...##.#
#.#.#8.#..#...##.#
#.#.#########.##.#


You could see 3 friendly bat zombies.

Vanquished Creatures
  2 dart slugs (D:1)
  A goblin (D:1)
  A hobgoblin (D:1)
  2 jackals (D:1)
  2 ball pythons (D:1)
  A bat (D:1)
  2 frilled lizards (D:1)
  2 kobolds (D:1)
  4 rats (D:1)
17 creatures vanquished.

Notes
Turn   | Place    | Note
-------+----------+-------------------------------------------
     0 | D:1      | AlmostDecent the Gnoll Ice Elementalist began the quest for
                  | the Orb.
     0 | D:1      | Reached XP level 1. HP: 13/13 MP: 6/6
   423 | D:1      | Reached XP level 2. HP: 13/20 MP: 3/7
   783 | D:1      | Found a faded altar of an unknown god.
   786 | D:1      | Prayed at the altar of an unknown god.
   786 | D:1      | Became a worshipper of Yredelemnul the Dark
   787 | D:1      | Quit the game

Illustrated notes

Levels and vault maps discovered:
D:1:      roderic_dead_forest, layout_loops_corners,
          shapermc_ecumenical_altar_mp_vishouse, hangedman_decor_push,
          minmay_crystal_water

Action                     || total
---------------------------++-------
  Melee: Unarmed           ||     8
         Short sword       ||     3
   Cast: Freeze            ||    19
 Armour: Robe              ||    16
  Dodge: Dodged            ||    22

Table legend: (Time is in decaauts)
 A = Elapsed time spent in this place.
 B = Non-inter-level travel time spent in this place.
 C = Inter-level travel time spent in this place.
 D = Time resting spent in this place.
 E = Time spent auto-exploring this place.
 F = Levels seen in this place.
 G = Mean time per level.
                   A        B        C        D        E       F      G
               +--------+--------+--------+--------+--------+-----+--------+
         Total |    787 |    787 |      0 |      0 |    677 |   1 |  787.0 |
       Dungeon |    787 |    787 |      0 |      0 |    677 |   1 |  787.0 |
               +--------+--------+--------+--------+--------+-----+--------+

Top non-repeatable levels by time:
     D:1: 787 daAuts
